 Dungeon Crawl Stone Soup version 0.23-a0-644-gb60d84b (webtiles) character file.

1290 Borgoz the Grappler (level 8, -7/66 HPs)
             Began as a Ghoul Gladiator on Jan 1, 2019.
             Was a Follower of Okawaru.
             Killed by divine providence
             ... invoked by an orc priest
              (12 damage)
             ... on level 7 of the Dungeon.
             The game lasted 00:07:29 (4216 turns).

Borgoz the Grappler (Ghoul Gladiator)               Turns: 4216, Time: 00:07:30

Health: -7/66      AC: 16    Str: 18    XL:     8   Next: 55%
Magic:  7/7        EV:  9    Int:  3    God:    Okawaru [*.....]
Gold:   381        SH:  0    Dex: 12    Spells: 7/7 levels left

rFire    . . .     SeeInvis .     - Unarmed
rCold    + . .     Gourm    .   (no shield)
rNeg     + + +     Faith    .   q - +6 chain mail of Febaody {+Inv}
rPois    ∞         Spirit   .   b - +0 helmet
rElec    .         Reflect  .   (no cloak)
rCorr    .         Harm     .   (no gloves)
MR       .....                  (no boots)
Stlth    ..........             (no amulet)
HPRegen  0.00/turn              y - ring of stealth
MPRegen  0.10/turn              (no ring)

@: rotting
A: rotting body, claws 1, carnivore, cold resistance 1, negative energy
resistance 3, inhibited regeneration, torment resistance, unbreathing
a: Heroism, Renounce Religion, Evoke Invisibility


You were on level 7 of the Dungeon.
You worshipped Okawaru.
Okawaru was aware of your devotion.
You were not hungry.

You visited 2 branches of the dungeon, and saw 8 of its levels.

You collected 381 gold pieces.

Inventory:

Hand Weapons
 B - the +8 spear of Zual {flame, Int+5, unknown}
   (You found it on level 6 of the Dungeon)

   It has been specially enchanted to burn those struck by it, causing extra
   injury to most foes and up to half again as much damage against particularly
   susceptible opponents.
   It affects your intelligence (+5).
Missiles
 c - 4 throwing nets (quivered)
Armour
 a - a +0 leather armour
 b - a +0 helmet (worn)
 q - the +6 chain mail of Febaody (worn) {+Inv}
   (You found it on level 4 of the Dungeon)

   It lets you turn invisible.
Jewellery
 g - an uncursed amulet of regeneration
 w - the amulet of Henotheism {Inacc rElec rC- Stlth+}
   (You found it on level 4 of the Dungeon)

   [amulet of inaccuracy]

   It reduces the accuracy of all your attacks.
   It makes you vulnerable to cold.
   It insulates you from electricity.
   It makes you more stealthy.
 y - a ring of stealth (left claw)
 D - an uncursed amulet of guardian spirit {unknown}
Wands
 v - a wand of iceblast (8)
 A - a wand of polymorph (6)
Scrolls
 i - 7 scrolls of identify {unknown}
 j - 3 scrolls of enchant weapon {unknown}
 k - 4 scrolls of teleportation {unknown}
 l - a scroll of fog {unknown}
 m - 3 scrolls of remove curse {unknown}
 u - 2 scrolls of blinking {unknown}
 C - a scroll of amnesia {unknown}
 F - a scroll of magic mapping {unknown}
Potions
 e - 2 potions of brilliance {unknown}
 f - 2 potions of cancellation {unknown}
 h - a potion of mutation {unknown}
 n - 2 potions of flight {unknown}
 o - a potion of might {unknown}
 p - 2 potions of ambrosia {unknown}
 r - a potion of berserk rage {unknown}
 s - a potion of agility {unknown}
 t - a potion of resistance {unknown}
 x - a potion of degeneration {unknown}
 z - a potion of curing
 G - a potion of lignification {unknown}
Comestibles
 d - 9 rations
 E - 7 chunks of flesh


   Skills:
 + Level 3.8 Fighting
 - Level 1.7 Throwing
 + Level 3.5 Armour
 + Level 4.3 Dodging
 + Level 9.2 Unarmed Combat


You had 7 spell levels left.
You didn't know any spells.
Your spell library was empty.

Dungeon Overview and Level Annotations

Branches:
Dungeon (7/15)             Temple (1/1) D:4

Altars:
Cheibriados
Elyvilon
Fedhas
Gozag
Hepliaklqana
Kikubaaqudgha
Makhleb
Nemelex Xobeh
Okawaru
Ru
Sif Muna
Trog
Uskayaw
Vehumet
Wu Jian
Xom
Yredelemnul
Zin
The Shining One

Shops:
D:5 [


Innate Abilities, Weirdness & Mutations

Your body is rotting away.
You thrive on raw meat.
You are immune to poison.
You have sharp fingernails.
You are carnivorous and can eat meat at any time.
Your flesh is cold resistant. (rC+)
You are immune to negative energy. (rN+++)
You do not regenerate when monsters are visible.
You are immune to unholy pain and torment.
You can survive without breathing.


Message History

You claw the centaur!
You kill the centaur!
Okawaru accepts your kill. The orc warrior barely misses you.
Okay, then.
The orc wizard barely misses you. The orc hits you with a +0 hand axe.
The orc hits you but does no damage.
The orc warrior hits you from afar with a +0 glaive.
The orc priest calls down the wrath of Beogh upon you.
Beogh smites you!
* * * LOW HITPOINT WARNING * * *
The orc warrior hits you from afar with a +0 glaive!
* * * LOW HITPOINT WARNING * * *
You hear an angry hiss.
It was a potion of curing.
You feel better.
The orc hits you from afar with a +0 trident.
* * * LOW HITPOINT WARNING * * *
The orc priest mumbles some strange prayers to Beogh against you.
Beogh smites you!
You die...

.......# .......#
.....# ....# #
#..####
#.########o.##.##
#........oo).(!(#
#......?.oo...$.#
#......@.oo...(.#
#............(.(#
##...##.##..##<##
### ##########


You could see 2 orc warriors, an orc priest, an orc wizard and 3 orcs.

Vanquished Creatures
  2 phantoms
  2 ogres
  2 centaurs
  A howler monkey (D:3)
  A vampire bat (D:4)
  A quasit (D:3)
  2 jellies (D:6)
  A centaur skeleton (D:4)
  3 orc priests
  5 orc wizards
  An iguana (D:6)
  2 worker ants
  A hound zombie (D:5)
  9 adders
  3 gnolls (D:3)
  3 shadow imps
  2 oozes
  2 worms
  2 dart slugs
  4 leopard geckos
  23 orcs
  3 bats
  A bat skeleton (D:4)
  4 bat zombies (D:4)
  5 giant cockroaches
  8 goblins
  10 hobgoblins
  16 jackals
  8 kobolds
  3 quokkas
  2 frilled lizards
  A jackal skeleton (D:5)
  5 rats
  A fungus (D:5)
139 creatures vanquished.

Notes
Turn   | Place    | Note
-------+----------+-------------------------------------------
     0 | D:1      | Borgoz the Ghoul Gladiator began the quest for the Orb.
     0 | D:1      | Reached XP level 1. HP: 17/17 MP: 0/0
    96 | D:1      | Reached XP level 2. HP: 10/25 MP: 1/1
   648 | D:2      | Reached skill level 4 in Unarmed Combat
   648 | D:2      | Reached XP level 3. HP: 30/30 MP: 2/2
   765 | D:2      | Found a shimmering altar of Xom.
  1248 | D:3      | Reached XP level 4. HP: 31/37 MP: 3/3
  1283 | D:3      | Reached skill level 1 in Armour
  1361 | D:3      | Reached XP level 5. HP: 17/41 MP: 4/4
  1391 | D:3      | Reached skill level 5 in Unarmed Combat
  1597 | D:3      | Reached XP level 6. HP: 48/50 MP: 5/5
  1870 | D:3      | Reached skill level 6 in Unarmed Combat
  2123 | D:4      | Found a staircase to the Ecumenical Temple.
  2137 | Temple   | Entered the Ecumenical Temple
  2342 | D:4      | Got a translucent silver amulet
  2405 | D:4      | Reached XP level 7. HP: 20/57 MP: 6/6
  2417 | D:4      | Found an iron altar of Okawaru.
  2451 | D:4      | Became a worshipper of Warmaster Okawaru
  2659 | D:4      | Got a fine chain mail
  2670 | D:4      | Identified the +6 chain mail of Febaody {+Inv} (You found
                  | it on level 4 of the Dungeon)
  2693 | D:4      | Reached skill level 7 in Unarmed Combat
  2845 | D:4      | Found an ancient bone altar of Kikubaaqudgha.
  3222 | D:5      | Entered Level 5 of the Dungeon
  3222 | D:5      | Found Atoteng's Antique Armour Emporium.
  3317 | D:5      | Reached * piety under Okawaru
  3317 | D:5      | Reached skill level 8 in Unarmed Combat
  3317 | D:5      | Reached XP level 8. HP: 55/59 MP: 7/7
  3351 | D:5      | Found a sacrificial altar of Ru.
  3408 | D:5      | Identified the amulet of Henotheism {Inacc rElec rC-
                  | Stlth+} (You found it on level 4 of the Dungeon)
  3759 | D:6      | Got a polished spear
  4058 | D:6      | Reached skill level 9 in Unarmed Combat
  4215 | D:7      | HP: 3/66 [orc warrior/+0 glaive (13)]
  4216 | D:7      | Killed from afar by an orc priest

Vault maps used:
D:1:      minmay_arrival_checkered_box, minmay_misc_feat_iff
D:2:      lemuel_coloured_pillars_altar, feat_on_display
D:3:      minmay_bubble_buster
D:4:      kennysheep_vampire_church, okawaru_trees_1, minmay_temple_entry_tees
D:5:      nicolae_ru_the_path_less_chosen, first_ration, serial_shops, shop
D:7:      serial_shops, shop, guppyfry_shop_venom
Temple:   regret_index_temple_waves

Skill      XL: |  1  2  3  4  5  6  7  8 |
---------------+-------------------------+-----
Dodging        | 3 4 |  4.3
Unarmed Combat | 4 5 6 8 9 |  9.2
Armour         | 1 2 3 |  3.5
Fighting       | 3 |  3.8
Throwing       | |  1.7

Action                   |  1- 3 |  4- 6 |  7- 9 || total
-------------------------+-------+-------+-------++-------
Melee: Unarmed           |   125 |   210 |   152 ||   487
       Punch             |     1 |     3 |     5 ||     9
  Use: Potion            |       |       |     1 ||     1
  Eat: Chunk             |    13 |    15 |    10 ||    38
Armor: Leather armour    |    30 |    39 |     4 ||    73
       Chain mail        |       |       |    70 ||    70
Dodge: Dodged            |    93 |    97 |    62 ||   252

Table legend:
 A = Non-vault XP
 B = Vault XP
 C = Vault XP percentage of total XP
 D = Non-vault monster count
 E = Vault monster count
 F = Vault count percentage of total count
                 A         B        C        D         E       F
            +---------+---------+-------+---------+---------+-------
      Total |    1704 |     139 |   7.5 |     118 |      20 |  14.5
            +---------+---------+-------+---------+---------+-------
        D:1 |      32 |       0 |   0.0 |      17 |       0 |   0.0
        D:2 |      48 |       0 |   0.0 |      22 |       0 |   0.0
        D:3 |     415 |      74 |  15.1 |      38 |      14 |  26.9
        D:4 |     354 |      65 |  15.5 |      13 |       6 |  31.6
        D:5 |     571 |       0 |   0.0 |      18 |       0 |   0.0
        D:6 |     178 |       0 |   0.0 |       9 |       0 |   0.0
        D:7 |     106 |       0 |   0.0 |       1 |       0 |   0.0
            +---------+---------+-------+---------+---------+-------
